 Dungeon Crawl Stone Soup version 0.32-a0-560-g4c7f4391e0 (webtiles) character file.

Game seed: 1790898874524706433

3656 cforsyth the Basher (level 9, -1/72 HPs)
             Began as a Mountain Dwarf Necromancer on Feb 29, 2024.
             Killed from afar by an acid dragon (31 damage)
             ... with a splash of acid
             ... on level 8 of the Dungeon.
             The game lasted 00:21:15 (9492 turns).

cforsyth the Basher (Mountain Dwarf Necromancer)    Turns: 9492, Time: 00:21:16

Health: -1/72      AC: 10    Str: 15    XL:     9   Next: 88%
Magic:  20/20      EV:  9    Int: 16    God:
Gold:   315        SH:  0    Dex: 10    Spells: 7/11 levels left

rFire   . . .        n - +1 whip (elec)
rCold   + . .        (no shield)
rNeg    . . .        s - +7 Kryia's mail coat {PotionHeal*2 rC+}
rPois   .            t - +0 helmet
rElec   .            (no cloak)
rCorr   .            (no gloves)
SInv    .            f - +1 pair of boots
Will    .....        (no amulet) Stlth
                     M - ring of magical power
HPRegen 0.32/turn    (no ring)
MPRegen 0.17/turn

%: no passive effects
@: corroded
A: runic magic, artefact enchanting
a: no special abilities


You were on level 8 of the Dungeon.
You visited 2 branches of the dungeon, and saw 9 of its levels.

You collected 429 gold pieces.
You spent 114 gold pieces at shops.


Innate Abilities, Weirdness & Mutations

Your spellcasting is much less encumbered by armour.
You can use scrolls of enchantment on lesser artefacts.


   Skills:
 - Level 4.4 Fighting
 + Level 12.9 Maces & Flails
 + Level 7.2 Armour
 - Level 1.3 Dodging
 - Level 1.4 Stealth
 - Level 1.7 Spellcasting
 - Level 6.4 Necromancy


You had 7 spell levels left.
You knew the following spells:

 Your Spells              Type           Power      Damage    Failure   Level
v - Vampiric Draining     Necr           21%        2d7       6%          3
X - Necrotise             Necr           84%        1d8       1%          1

Your spell library contained the following spells:

 Spells                   Type           Power      Damage    Failure   Level
 Sublimation of Blood     Necr           21%        N/A       3%          2
 Fugue of the Fallen      Necr           21%        N/A       6%          3
 Cigotuvi's Dreadful Rot  Necr/Alch/Air  16%        N/A       19%         2
 Animate Dead             Necr           21%        N/A       21%         4
 Slow                     Hex            4%         N/A       28%         1
 Blink                    Tloc           2%         N/A       38%         2
 Call Imp                 Summ           2%         N/A       38%         2
 Lesser Beckoning         Tloc           2%         N/A       38%         2
 Momentum Strike          Conj/Tloc      2%         3d8       38%         2
 Scorch                   Fire           2%         2d5       38%         2
 Curse of Agony           Necr           21%        N/A       50%         5
 Confusing Touch          Hex            1%         N/A       63%         3
 Dazzling Flash           Conj/Hex       2%         N/A       63%         3
 Gell's Gravitas          Tloc           1%         N/A       63%         3
 Mephitic Cloud           Conj/Alch/Air  1%         N/A       63%         3
 Ozocubu's Armour         Ice            1%         N/A       63%         3
 Sigil of Binding         Hex            1%         N/A       63%         3
 Teleport Other           Tloc           1%         N/A       63%         3
 Flame Wave               Conj/Fire      1%         2d4       95%         4
 Ignite Poison            Fire/Alch      1%         N/A       95%         4
 Manifold Assault         Tloc           1%         N/A       95%         4
 Vhi's Electric Charge    Tloc/Air       2%         N/A       95%         4
 Arcjolt                  Conj/Air       0%         1d10      100%        5
 Freezing Cloud           Conj/Ice/Air   0%         6-21      100%        5
 Silence                  Hex/Air        0%         N/A       100%        5
 Dispersal                Tloc           0%         N/A       100%        6
 Summon Cactus Giant      Summ           0%         N/A       100%        6
 Summon Hydra             Summ           0%         N/A       100%        7
 Maxwell's Capacitive Co  Air            0%         ∞         100%        8

Inventory:

Hand Weapons
 n - a +1 whip of electrocution (weapon)
Armour
 a - a +0 robe
 f - a +1 pair of boots (worn)
 k - a +0 scale mail
 s - the +7 Kryia's mail coat (worn) {PotionHeal*2 rC+}
   (You found it on level 3 of the Dungeon)

   PotionHeal*2: Potions heal its wearer twice as much.
   rC+:       It protects you from cold.
 t - a +0 helmet (worn)
Jewellery
 M - a ring of magical power (left hand)
Wands
 h - a wand of polymorph (7)
 u - a wand of warping (11)
 y - a wand of charming (9)
Scrolls
 d - a scroll of blinking {unknown}
 e - a scroll of immolation
 g - a scroll of enchant armour
 o - 3 scrolls of fear
 q - a scroll of summoning
 r - a scroll of enchant weapon
 v - 2 scrolls of teleportation {@r2}
 w - 2 scrolls of noise
 z - a scroll of revelation {unknown}
Potions
 b - a potion of magic
 c - 2 potions of might {unknown}
 i - a potion of lignification
 j - a potion of heal wounds {@q2}
 l - 2 potions of cancellation
 m - 2 potions of brilliance
 p - a potion of attraction
 x - 3 potions of curing {@q1}

Dungeon Overview and Level Annotations

Branches:
Dungeon (8/15)             Temple (1/1) D:6
   Lair: D:8-11

Altars:
Dithmenos
Fedhas
Gozag
Hepliaklqana
Okawaru
Qazlal
Ru
Sif Muna
Trog
Uskayaw
Vehumet
Wu Jian
Zin
The Shining One

Shops:
D:5 :[ D:8

? ########## #
#.<......# #.##
#.#####..# ..##.# #.#..#
#.#.##.#...### .
#.....###....########
.###.#.##.#...#.@...(..#
#...##.#
#.....#######D####
##.###.# ##...## #.....#
##.# #........# #..##†#
...#########.## #..##.#
....# #.# ###.D##.#
...## #+ #.......# #.##
#.#.#.#.# #.## #.#.#.#.#


You could see an acid dragon (catching breath).


Message History

You hit the acid dragon but do no damage.
The acid dragon is heavily wounded.
You hit the acid dragon.
The acid dragon is heavily wounded.
The acid dragon bites you. The acid dragon closely misses you.
You hit the acid dragon but do no damage.
The acid dragon is heavily wounded.
You closely miss the acid dragon.
The acid dragon is heavily wounded.
The acid dragon bites you.
The acid dragon claws you but does no damage.
An acid dragon comes into view.
You hit the acid dragon but do no damage.
Lightning courses through the acid dragon!
You kill the acid dragon!
You see here an acid dragon corpse.
Found a club.
The acid dragon spits acid at you. The splash of acid hits you!
* * * LOW HITPOINT WARNING * * *
The acid corrodes you! The acid dragon spits acid at you.
The splash of acid hits you.
* * * LOW HITPOINT WARNING * * *
The acid dragon spits acid at you. The splash of acid misses you.
You see here 4 stones.
The acid dragon spits acid at you. The splash of acid hits you!!
You die...

Skill      XL: |  1  2  3  4  5  6  7  8  9 |
---------------+----------------------------+-----
Fighting       | 1 2 4 |  4.4
Necromancy     | 5 6 |  6.4
Maces & Flails | 4 8 11 12 | 12.9
Armour         | 3 7 |  7.2
Dodging        | |  1.3
Stealth        | |  1.4
Spellcasting   | |  1.7

Action                     |  1- 3 |  4- 6 |  7- 9 || total
---------------------------+-------+-------+-------++-------
  Melee: Unarmed           |    49 |     9 |       ||    58
         Punch             |     2 |     1 |       ||     3
         Whip              |       |    35 |   353 ||   388
   Cast: Necrotise         |    58 |    98 |   173 ||   329
         Vampiric Draining |       |       |     2 ||     2
    Use: Potion            |     2 |       |     4 ||     6
         Scroll            |       |       |    12 ||    12
   Stab: Sleeping          |     1 |       |       ||     1
 Armour: Robe              |    36 |       |       ||    36
         Scale mail        |       |    87 |   346 ||   433
         Skin              |       |       |    18 ||    18
  Dodge: Dodged            |    35 |    47 |   148 ||   230

Levels and vault maps discovered:
D:1:      saegor_arrival_simple_b, layout_basic, nicolae_titane
D:2:      cheibrodos_pilgrimage, layout_loops_ring, minmay_strange_pillars,
          dreamdust_mushroom_princess, uniq_sigmund
D:3:      layout_basic, marbit_many_paths, chequers_avenue, uniq_jessica
D:4:      layout_basic, uniq_robin, uniq_blork_the_orc, uniq_duvessa
D:5:      layout_loops_ring, mainiacjoe_overflow_boulevard,
          mainiacjoe_overflow_concentric_impassable, serial_shops, shop,
          nicolae_shop_i_like_small_books_too, minmay_between
D:6:      layout_layer_cave, minmay_temple_entry_purple_smoke,
          hangedman_abyss_or_decor_stabs
D:7:      hellmonk_crumbling_castle, layout_rooms, lemuel_tele_altar,
          kennysheep_flooded_box, minmay_a_box_with_orc_wizards_in_it,
          uniq_joseph
D:8:      layout_loops_corners, ebering_ghost_gozag, serial_shops, shop_scrolls,
          chequers_serial_rivers_micro_c, minmay_misc_feat_five,
          nicolae_sextant, nicolae_shop_gadgets, uniq_maurice
Temple:   nicolae_temple_two_arcs

Notes
Turn   | Place    | Note
-------+----------+-------------------------------------------
     0 | D:1      | cforsyth the Mountain Dwarf Necromancer began the quest for
                  | the Orb.
     0 | D:1      | Reached XP level 1. HP: 14/14 MP: 3/3
   183 | D:1      | Reached skill level 1 in Fighting
   210 | D:1      | Reached XP level 2. HP: 23/23 MP: 1/4
   728 | D:1      | Reached skill level 2 in Fighting
   850 | D:1      | Reached skill level 5 in Necromancy
   850 | D:1      | Reached XP level 3. HP: 26/29 MP: 0/5
  1013 | D:1      | You fall into a shaft and drop 1 floor!
  1191 | D:2      | Identified a potion of resistance
  1196 | D:2      | HP: 4/45 [poisoned by a kobold]
  1444 | D:3      | Reached XP level 4. HP: 35/37 MP: 0/6
  1567 | D:2      | Noticed Sigmund
  1983 | D:2      | Killed Sigmund
  1984 | D:2      | Reached skill level 4 in Fighting
  1984 | D:2      | Reached skill level 6 in Necromancy
  1984 | D:2      | Reached XP level 5. HP: 31/47 MP: 4/7
  2628 | D:2      | Learned a level 3 spell: Vampiric Draining
  2834 | D:3      | Reached XP level 6. HP: 53/53 MP: 6/8
  3058 | D:3      | Noticed Jessica
  3061 | D:3      | Killed Jessica
  3062 | D:3      | Reached skill level 1 in Maces & Flails
  3104 | D:3      | Found the +7 Kryia's mail coat {PotionHeal*2 rC+}
  3129 | D:3      | Found a blossoming altar of Fedhas.
  3476 | D:4      | Noticed Robin
  3483 | D:3      | Killed Robin
  3563 | D:3      | Reached skill level 2 in Maces & Flails
  3734 | D:4      | Reached skill level 3 in Maces & Flails
  3759 | D:4      | Noticed Duvessa
  3789 | D:4      | Noticed Dowan
  3795 | D:5      | Entered Level 5 of the Dungeon
  3795 | D:5      | Found a sacrificial altar of Ru.
  3881 | D:5      | Reached skill level 4 in Maces & Flails
  3942 | D:5      | Noticed an ice beast
  4008 | D:4      | Reached XP level 7. HP: 25/60 MP: 3/9
  4129 | D:4      | Reached skill level 5 in Maces & Flails
  4148 | D:4      | Noticed Blork the orc
  4160 | D:4      | Killed Duvessa
  4170 | D:5      | Reached skill level 6 in Maces & Flails
  4179 | D:5      | Killed Dowan
  4180 | D:5      | Reached skill level 7 in Maces & Flails
  4302 | D:5      | Found a radiant altar of Vehumet.
  4308 | D:5      | Found Bifion's Armour Emporium.
  4357 | D:4      | Killed Blork the orc
  4953 | D:4      | Noticed a wyvern
  4972 | D:4      | Killed a wyvern
  4973 | D:4      | Reached skill level 8 in Maces & Flails
  4973 | D:4      | Reached XP level 8. HP: 58/67 MP: 10/10
  5219 | D:5      | Found Saneul's Tiny Tomes.
  5324 | D:5      | Reached skill level 9 in Maces & Flails
  5726 | D:5      | Reached skill level 10 in Maces & Flails
  6263 | D:6      | Reached skill level 1 in Armour
  6439 | D:6      | Found a staircase to the Ecumenical Temple.
  6456 | Temple   | Entered the Ecumenical Temple
  6541 | D:6      | Reached skill level 2 in Armour
  6651 | D:6      | Reached skill level 3 in Armour
  6670 | D:6      | Reached skill level 11 in Maces & Flails
  7203 | D:6      | Reached XP level 9. HP: 65/72 MP: 11/11
  7696 | D:7      | Reached skill level 4 in Armour
  8309 | D:7      | Reached skill level 5 in Armour
  8644 | D:7      | Reached skill level 12 in Maces & Flails
  8673 | D:7      | Noticed Joseph
  8695 | D:7      | Killed Joseph
  8696 | D:7      | Reached skill level 6 in Armour
  9194 | D:7      | Found a hazy altar of Hepliaklqana.
  9319 | D:8      | Found Elozix's Magic Scroll Shop.
  9326 | D:8      | Bought a scroll of summoning for 114 gold pieces
  9347 | D:8      | Reached skill level 7 in Armour
  9492 | D:8      | Killed from afar by an acid dragon

Vanquished Creatures
  Joseph (D:7)
  Sigmund (D:2)
  2 wyverns
  A steam dragon (D:8)
  An acid dragon (D:8)
  Duvessa (D:4)
  A water moccasin (D:7)
  2 orc warriors (D:7)
  A sky beast (D:7)
  A black bear (D:6)
  3 ogres
  Blork the orc (D:4)
  A bullfrog (D:6)
  3 scorpions
  8 wights
  Dowan (D:5)
  3 killer bees (D:7)
  2 jellies
  A hound (D:6)
  2 bombardier beetles
  2 orc priests
  6 iguanas
  Jessica (D:3)
  8 orc wizards
  A sleepcap (D:6)
  Robin (D:3)
  5 gnolls
  6 adders
  A white imp (D:6)
  3 ribbon worms
  2 dart slugs (D:1)
  12 orcs
  4 ball pythons
  3 bats
  5 endoplasms
  2 giant cockroaches
  15 hobgoblins
  8 jackals
  6 kobolds
  4 quokkas
  2 frilled lizards (D:1)
  15 goblins
  7 rats
156 creatures vanquished.

Vanquished Creatures (collateral kills)
  A phantom (D:5)
  An orc (D:6)
  A bat (D:1)
  2 endoplasms
  A rat (D:2)
6 creatures vanquished.

Grand Total: 162 creatures vanquished

Table legend: (Time is in decaauts)
 A = Elapsed time spent in this place.
 B = Non-inter-level travel time spent in this place.
 C = Inter-level travel time spent in this place.
 D = Time resting spent in this place.
 E = Time spent auto-exploring this place.
 F = Levels seen in this place.
 G = Mean time per level.
                   A        B        C        D        E       F      G
               +--------+--------+--------+--------+--------+-----+--------+
         Total |   9355 |   9065 |    290 |    770 |   6700 |   9 | 1039.4 |
       Dungeon |   9325 |   9036 |    289 |    770 |   6672 |   8 | 1165.6 |
        Temple |     29 |     28 |      1 |      0 |     28 |   1 |   29.0 |
               +--------+--------+--------+--------+--------+-----+--------+

Top non-repeatable levels by time:
     D:6: 1746 daAuts
     D:1: 1377 daAuts
     D:2: 1345 daAuts
     D:7: 1323 daAuts
     D:5: 1319 daAuts
     D:4: 1175 daAuts
     D:3: 869 daAuts
     D:8: 168 daAuts
  Temple: 29 daAuts

Table legend:
 A = Non-vault XP
 B = Vault XP
 C = Vault XP percentage of total XP
 D = Non-vault monster count
 E = Vault monster count
 F = Vault count percentage of total count
                 A         B        C        D         E       F
            +---------+---------+-------+---------+---------+-------
      Total |    3841 |    1383 |  26.5 |     136 |      26 |  16.0
            +---------+---------+-------+---------+---------+-------
        D:1 |      45 |       0 |   0.0 |      24 |       0 |   0.0
        D:2 |      56 |     237 |  80.9 |      23 |       3 |  11.5
        D:3 |      11 |     102 |  90.3 |       6 |       9 |  60.0
        D:4 |     536 |     260 |  32.7 |      24 |       6 |  20.0
        D:5 |     554 |     268 |  32.6 |      17 |       4 |  19.0
        D:6 |    1032 |       0 |   0.0 |      22 |       0 |   0.0
        D:7 |    1263 |     516 |  29.0 |      18 |       4 |  18.2
        D:8 |     344 |       0 |   0.0 |       2 |       0 |   0.0
            +---------+---------+-------+---------+---------+-------
